 Dungeon Crawl Stone Soup version 0.28-a0-10-g964c8b829e (webtiles) character file.

Game seed: 9296990907651135486

54 Sin92 the Skirmisher (level 3, -15/43 HPs)
             Began as a Demonspawn Fighter on July 25, 2021.
             Killed by an exploding iguana (27 damage)
             ... ignited by their inner flame
             ... on level 3 of the Dungeon.
             The game lasted 00:01:41 (1951 turns).

Sin92 the Skirmisher (Demonspawn Fighter)           Turns: 1951, Time: 00:01:41

Health: -15/43     AC: 21    Str: 16    XL:     3   Next: 66%
Magic:  0/3        EV:  2    Int:  9    God:
Gold:   169        SH:  9    Dex: 13    Spells: 2/2 levels left

rFire   . . .      SeeInvis .   a - +1 war axe
rCold   . . .      Faith    .   c - +0 kite shield
rNeg    + + +      Spirit   +   (armour currently unavailable)
rPois   +          Reflect  .   (helmet currently unavailable)
rElec   .          Harm     .   (cloak currently unavailable)
rCorr   .          Rampage  .   (gloves currently unavailable)
Will    .....      NoTele   +   (boots currently unavailable)
Stlth   +.........              (no amulet)
HPRegen 0.14/turn               (no ring)
MPRegen 0.16/turn               (no ring)

@: mighty, tree-form
A: stationary, stasis, torment immunity, boosted hp, magic shield, magic
regeneration
a: no special abilities


You were on level 3 of the Dungeon.
You were a tree.
You visited 1 branch of the dungeon, and saw 3 of its levels.

You collected 169 gold pieces.

Inventory:

Hand Weapons
 a - a +1 war axe (weapon)
Armour
 b - a +0 scale mail
 c - a +0 kite shield (worn)
 g - a +0 plate armour (melded)
 h - a +0 helmet (melded)
 m - a +0 pair of gloves (melded)
Scrolls
 e - 2 scrolls of summoning
 i - a scroll of identify


   Skills:
 + Level 3.3 Fighting
 * Level 2.5 Axes
 + Level 3.0 Armour
 + Level 0.8 Dodging
 + Level 3.1 Shields


You had 2 spell levels left.
You didn't know any spells.
Your spell library contained the following spells:

 Spells                   Type           Power      Damage    Failure   Level
 Shock                    Conj/Air       0%         1d3       88%         1
 Call Canine Familiar     Summ           0%         N/A       99%         3
 Portal Projectile        Hex/Tloc       0%         N/A       99%         3
 Swiftness                Air            0%         N/A       99%         3
 Airstrike                Air            0%         N/A       100%        4
 Leda's Liquefaction      Hex/Erth       0%         N/A       100%        4


Dungeon Overview and Level Annotations

Branches:
Dungeon (3/15)

Altars:


Innate Abilities, Weirdness & Mutations

You are a tree.
Your roots penetrate the ground, keeping you stationary.
You cannot be teleported.
You are immune to unholy pain and torment.
Your maximum health is greatly increased.
Your equipment is partially melded.
When hurt, damage is shared between your health and your magic reserves.
You regenerate magic rapidly.


Message History

The iguana bites you!
Your plate armour prevents you from hitting the iguana.
The iguana bites you!
The iguana bites you but does no damage.
You hit the iguana but do no damage. The iguana bites you.
You are too injured to fight recklessly!
You aren't carrying any pieces of jewellery.
As you read the scroll labelled IFAMONG ECWARPH, it crumbles to dust.
The creatures around you are filled with an inner flame!
It was a scroll of immolation.
The iguana bites you.
As you read the scroll labelled OLAOCWOYGG, it crumbles to dust.
You hear a loud clanging noise!
It was a scroll of noise.
You hear a shout!
You hear an angry hiss.
You block the iguana's attack.
As you read the scroll labelled ZOLUHU YKHEPA, it crumbles to dust.
It is a scroll of enchant weapon.
Your +0 war axe glows red for a moment.
You block the iguana's attack.
As you read the scroll labelled BICEIN MAROL, it crumbles to dust.
It is a scroll of identify.
e - 2 scrolls of summoning The iguana bites you.
A jelly comes into view.
It was a potion of lignification.
You turn into a tree.
Your +0 helmet melds into your body.
Your +0 pair of gloves melds into your body.
Your +0 plate armour melds into your body.
Your roots penetrate the ground.
You block the iguana's attack.
You feel very mighty all of a sudden.
The iguana bites you but does no damage.
You hit the iguana.
Flame seeps out of the iguana.
The iguana is moderately wounded.
The iguana is engulfed in blazing flames.
Flame seeps out of the iguana.
The iguana bites you.
* * * LOW HITPOINT WARNING * * *
The iguana is engulfed in blazing flames.
The iguana explodes!
The fiery explosion engulfs you!!
Ouch! That really hurt!
You die...

### ..# # #.#
#.# #§# ....
##○##.....
#.♣§..J...
#..##.##.#
#..##.#
#.)##.#
#..##.#
#..##.#
#..##.#
#..##.#
#.....#######


You could see a jelly.

Vanquished Creatures
  An iguana (D:3)
  An adder (D:2)
  2 dart slugs
  5 bats (D:1)
  A bat skeleton (D:2)
  2 endoplasms (D:1)
  A giant cockroach (D:2)
  7 goblins
  3 hobgoblins
  2 jackals (D:1)
  A quokka (D:1)
  6 ball pythons
  4 frilled lizards
  A kobold (D:1)
  3 rats
40 creatures vanquished.

Notes
Turn   | Place    | Note
-------+----------+-------------------------------------------
     0 | D:1      | Sin92 the Demonspawn Fighter began the quest for the Orb.
     0 | D:1      | Reached XP level 1. HP: 18/18 MP: 1/1
   246 | D:1      | Gained mutation: You regenerate magic rapidly. [demonic
                  | ancestry]
   246 | D:1      | Reached XP level 2. HP: 21/24 MP: 2/2
   318 | D:1      | Found a faded altar of an unknown god.
   942 | D:2      | Gained mutation: When hurt, damage is shared between your
                  | health and your magic reserves. [demonic ancestry]
   942 | D:2      | Reached XP level 3. HP: 23/29 MP: 3/3
  1951 | D:3      | Killed by an exploding iguana... ignited by their inner
                  | flame

Illustrated notes

Levels and vault maps discovered:
D:1:      wander_arrival_lonely_grave, layout_basic,
          dreamdust_ecumenical_altar_grove, eino_curves_04,
          palyth_stone_intersect
D:2:      layout_basic, grunt_ministairs_12, chequers_serial_rivers_small_b,
          serial_bayou_pond_c, minmay_small_reverse_x
D:3:      layout_loops_ring, serial_bayou_crossing

Skill      XL: |  1  2  3 |
---------------+----------+-----
Axes           | 2 |  2.5
Shields        | 3 |  3.1
Armour         | 3 |  3.0
Fighting       | |  3.3
Dodging        | |  0.8

Action                   || total
-------------------------++-------
Melee: War axe           ||   103
  Use: Scroll            ||     4
       Potion            ||     2
Armor: Scale mail        ||    27
       Plate armour      ||    23
       Skin              ||     1
Dodge: Dodged            ||    33
Block: Kite shield       ||    68

Table legend: (Time is in decaauts)
 A = Elapsed time spent in this place.
 B = Non-inter-level travel time spent in this place.
 C = Inter-level travel time spent in this place.
 D = Time resting spent in this place.
 E = Time spent auto-exploring this place.
 F = Levels seen in this place.
 G = Mean time per level.
                   A        B        C        D        E       F      G
               +--------+--------+--------+--------+--------+-----+--------+
         Total |   2031 |   1974 |     57 |      0 |   1621 |   3 |  677.0 |
       Dungeon |   2031 |   1974 |     57 |      0 |   1621 |   3 |  677.0 |
               +--------+--------+--------+--------+--------+-----+--------+

Top non-repeatable levels by time:
     D:2: 1034 daAuts
     D:1: 971 daAuts
     D:3: 24 daAuts
